| TOP OF THE 1ST |
|
Port Arthur Pirates batting - Pitching for Bradenton Sox : RHP Hector Gutierrez
|
|
Pitching: RHP Hector Gutierrez
|
|
|
Batting: SHB Geoff Doggett
|
0-0: Foul Ball, location: 2F 0-1: Ball 1-1: Swinging Strike 1-2: Strikes out swinging
|
|
Batting: LHB Pat Hodge
|
0-0: Called Strike 0-1: Called Strike 0-2: Ball 1-2: Strikes out swinging
|
|
Batting: LHB Ron Salcedo
|
0-0: Foul Ball, location: 2F 0-1: Ground out 4-3 (Groundball, 4, EV 84.4 MPH)
|
| Top of the 1st over - 0 runs, 0 hits, 0 errors, 0 left on base; Port Arthur 0 - Bradenton 0 |
| BOTTOM OF THE 1ST |
|
Bradenton Sox batting - Pitching for Port Arthur Pirates : RHP Robert Ruffus
|
|
Pitching: RHP Robert Ruffus
|
|
|
Batting: RHB Dave Coss
|
0-0: Called Strike 0-1: Ground out U3 (Groundball, 34S, EV 83.8 MPH)
|
|
Batting: RHB Rene Gonzales
|
0-0: Ball 1-0: Fly out, F9 (Flyball, 9D, EV 98.8 MPH)
|
|
Batting: RHB Dennis Tiefenthaler
|
0-0: Ball 1-0: Ball 2-0: Foul Ball, location: 2F 2-1: Ball 3-1: Ground out 6-3 (Groundball, 6, EV 86.9 MPH)
|
| Bottom of the 1st over - 0 runs, 0 hits, 0 errors, 0 left on base; Port Arthur 0 - Bradenton 0 |
| TOP OF THE 2ND |
|
Port Arthur Pirates batting - Pitching for Bradenton Sox : RHP Hector Gutierrez
|
|
Batting: RHB Steve Stanicek
|
0-0: Ball 1-0: Called Strike 1-1: Ball 2-1: Foul Ball, location: 2F 2-2: Ball 3-2: Fly out, F9 (Flyball, 9D, EV 98.8 MPH)
|
|
Batting: LHB Dave Camara
|
0-0: Ball 1-0: Ground out 6-3 (Groundball, 6, EV 88.1 MPH)
|
|
Batting: RHB Billy Ripken
|
0-0: Ball 1-0: Fly out, F8 (Flyball, 89M, EV 86.9 MPH)
|
| Top of the 2nd over - 0 runs, 0 hits, 0 errors, 0 left on base; Port Arthur 0 - Bradenton 0 |
| BOTTOM OF THE 2ND |
|
Bradenton Sox batting - Pitching for Port Arthur Pirates : RHP Robert Ruffus
|
|
Batting: RHB Dave Hoeksema
|
0-0: Ball 1-0: Ball 2-0: Foul Ball, location: 2F 2-1: Fly out, F6 (Line Drive, 6, EV 68.1 MPH)
|
|
Batting: SHB Thomas Colburn
|
0-0: Ball 1-0: Called Strike 1-1: Foul Ball, location: 2F 1-2: Strikes out swinging
|
|
Batting: RHB Jerry Nalley
|
0-0: Ball 1-0: Called Strike 1-1: Foul Ball, location: 2F 1-2: Ball 2-2: Ball 3-2: Base on Balls
|
|
Batting: RHB William Murray
|
0-0: Ball Jerry Nalley is caught stealing 2nd base 2-4
|
| Bottom of the 2nd over - 0 runs, 0 hits, 0 errors, 0 left on base; Port Arthur 0 - Bradenton 0 |
| TOP OF THE 3RD |
|
Port Arthur Pirates batting - Pitching for Bradenton Sox : RHP Hector Gutierrez
|
|
Batting: RHB Russ Morman
|
0-0: Called Strike 0-1: Swinging Strike 0-2: Ball 1-2: Strikes out looking
|
|
Batting: RHB Luis Hidalgo
|
0-0: Ball 1-0: Foul Ball, location: 2F 1-1: Fly out, F8 (Line Drive, 8LD, EV 87.5 MPH)
|
|
Batting: RHB Otto Gonzalez
|
0-0: Swinging Strike 0-1: Ball 1-1: Ball 2-1: Called Strike 2-2: Ground out 6-3 (Groundball, 6, EV 83.8 MPH)
|
| Top of the 3rd over - 0 runs, 0 hits, 0 errors, 0 left on base; Port Arthur 0 - Bradenton 0 |
| BOTTOM OF THE 3RD |
|
Bradenton Sox batting - Pitching for Port Arthur Pirates : RHP Robert Ruffus
|
|
Batting: RHB William Murray
|
0-0: Ball 1-0: Ball 2-0: Foul Ball, location: 2F 2-1: Ball 3-1: Base on Balls
|
|
Batting: RHB Dennis Keating
|
0-0: Fly out, F9 (Flyball, 9, EV 98.8 MPH)
|
|
Batting: RHB Robert Parr
|
0-0: Called Strike 0-1: Called Strike 0-2: Strikes out swinging
|
|
Batting: RHB Dave Coss
|
0-0: Swinging Strike 0-1: Called Strike 0-2: Ball 1-2: Foul Ball, location: 2F 1-2: Foul Ball, location: 2F 1-2: Strikes out swinging
|
| Bottom of the 3rd over - 0 runs, 0 hits, 0 errors, 1 left on base; Port Arthur 0 - Bradenton 0 |
| TOP OF THE 4TH |
|
Port Arthur Pirates batting - Pitching for Bradenton Sox : RHP Hector Gutierrez
|
|
Batting: SHB Geoff Doggett
|
0-0: Ball 1-0: Ball 2-0: Ball 3-0: Called Strike 3-1: Base on Balls
|
|
Batting: LHB Pat Hodge
|
0-0: Ball 1-0: Called Strike 1-1: Ball 2-1: Ball Geoff Doggett steals 2nd base 3-1: Ground out U3 (Groundball, 3, EV 103.1 MPH) Geoff Doggett to third
|
|
Batting: LHB Ron Salcedo
|
0-0: Fly out, F8 (Flyball, 89M, EV 80.6 MPH) Runner from 3rd tags up, OUT at HOME! 8-2
|
| Top of the 4th over - 0 runs, 0 hits, 0 errors, 0 left on base; Port Arthur 0 - Bradenton 0 |
| BOTTOM OF THE 4TH |
|
Bradenton Sox batting - Pitching for Port Arthur Pirates : RHP Robert Ruffus
|
|
Batting: RHB Rene Gonzales
|
0-0: Swinging Strike 0-1: Ball 1-1: Foul Ball, location: 2F 1-2: Ball 2-2: Strikes out swinging
|
|
Batting: RHB Dennis Tiefenthaler
|
0-0: Called Strike 0-1: Ball 1-1: Ball 2-1: Foul Ball, location: 2F 2-2: Foul Ball, location: 2F 2-2: Foul Ball, location: 2F 2-2: Foul Ball, location: 2F 2-2: DOUBLE (Line Drive, 89D, EV 105.6 MPH)
|
|
Batting: RHB Dave Hoeksema
|
0-0: Ground out 1-3 (Groundball, 13S, EV 58.1 MPH) Dennis Tiefenthaler to third
|
|
Batting: SHB Thomas Colburn
|
0-0: Called Strike 0-1: Called Strike 0-2: Ball 1-2: Strikes out swinging
|
| Bottom of the 4th over - 0 runs, 1 hit, 0 errors, 1 left on base; Port Arthur 0 - Bradenton 0 |
| TOP OF THE 5TH |
|
Port Arthur Pirates batting - Pitching for Bradenton Sox : RHP Hector Gutierrez
|
|
Batting: RHB Steve Stanicek
|
0-0: Ball 1-0: SINGLE (Groundball, 56, EV 85.6 MPH) (infield hit)
|
|
Batting: LHB Dave Camara
|
0-0: Ball 1-0: Ball 2-0: Foul Ball, location: 2F 2-1: Foul Ball, location: 2F 2-2: Strikes out swinging
|
|
Batting: RHB Billy Ripken
|
0-0: Ball 1-0: Fielders Choice at 2nd, 6-4 (Groundball, 6S, EV 91.3 MPH)
|
|
Batting: RHB Russ Morman
|
0-0: Ball 1-0: Foul Ball, location: 2F 1-1: Foul Ball, location: 2F 1-2: Ball 2-2: Foul Ball, location: 2F 2-2: Foul Ball, location: 2F 2-2: Reached on error, E5 (Groundball, 56, EV 102.5 MPH) Billy Ripken to second
|
|
Batting: RHB Luis Hidalgo
|
0-0: Swinging Strike 0-1: Foul Ball, location: 2F 0-2: Ball 1-2: Strikes out swinging
|
| Top of the 5th over - 0 runs, 1 hit, 1 error, 2 left on base; Port Arthur 0 - Bradenton 0 |
| BOTTOM OF THE 5TH |
|
Bradenton Sox batting - Pitching for Port Arthur Pirates : RHP Robert Ruffus
|
|
Batting: RHB Jerry Nalley
|
0-0: Foul Ball, location: 2F 0-1: Foul Ball, location: 2F 0-2: Ball 1-2: Ball 2-2: SINGLE (Line Drive, 8LS, EV 101.3 MPH)
|
|
Batting: RHB William Murray
|
0-0: Ball Jerry Nalley steals 2nd, throwing error, E2 Jerry Nalley to third 1-0: Foul Ball, location: 2F 1-1: Foul Ball, location: 2F 1-2: Foul Ball, location: 2F 1-2: Ball 2-2: Strikes out looking
|
|
Batting: RHB Dennis Keating
|
0-0: Called Strike 0-1: Foul Ball, location: 2F 0-2: Strikes out swinging
|
|
Batting: RHB Robert Parr
|
0-0: Swinging Strike 0-1: Ball 1-1: Ball 2-1: Foul Ball, location: 2F 2-2: Foul Ball, location: 2F 2-2: Ball 3-2: Base on Balls
|
|
Batting: RHB Dave Coss
|
0-0: Ball 1-0: Ball 2-0: DOUBLE (Groundball, 3L, EV 104.4 MPH) Jerry Nalley scores Robert Parr to third Runner from 3rd tries for Home, SAFE, no throw by RF
|
|
Batting: RHB Rene Gonzales
|
0-0: Called Strike 0-1: Ball 1-1: Swinging Strike 1-2: Strikes out swinging
|
| Bottom of the 5th over - 2 runs, 2 hits, 1 error, 1 left on base; Port Arthur 0 - Bradenton 2 |
| TOP OF THE 6TH |
|
Port Arthur Pirates batting - Pitching for Bradenton Sox : RHP Hector Gutierrez
|
|
Batting: RHB Otto Gonzalez
|
0-0: Ball 1-0: Ball 2-0: Called Strike 2-1: Foul Ball, location: 2F 2-2: Foul Ball, location: 2F 2-2: Foul Ball, location: 2F 2-2: Ball 3-2: Strikes out swinging
|
|
Batting: SHB Geoff Doggett
|
0-0: Swinging Strike 0-1: Swinging Strike 0-2: Foul Ball, location: 2F 0-2: Strikes out swinging
|
|
Batting: LHB Pat Hodge
|
0-0: Ball 1-0: Called Strike 1-1: Ball 2-1: Ground out 6-3 (Groundball, 6MS, EV 60.6 MPH)
|
| Top of the 6th over - 0 runs, 0 hits, 0 errors, 0 left on base; Port Arthur 0 - Bradenton 2 |
| BOTTOM OF THE 6TH |
|
Bradenton Sox batting - Pitching for Port Arthur Pirates : RHP Robert Ruffus
|
|
Batting: RHB Dennis Tiefenthaler
|
0-0: Fly out, F9 (Flyball, 9, EV 93.8 MPH)
|
|
Batting: RHB Dave Hoeksema
|
0-0: Ground out 5-3 (Groundball, 5L, EV 85.0 MPH)
|
|
Batting: SHB Thomas Colburn
|
0-0: Ball 1-0: Called Strike 1-1: Swinging Strike 1-2: Foul Ball, location: 2F 1-2: Foul Ball, location: 2F 1-2: Strikes out swinging
|
| Bottom of the 6th over - 0 runs, 0 hits, 0 errors, 0 left on base; Port Arthur 0 - Bradenton 2 |
| TOP OF THE 7TH |
|
Port Arthur Pirates batting - Pitching for Bradenton Sox : RHP Hector Gutierrez
|
|
Batting: LHB Ron Salcedo
|
0-0: Ball 1-0: Called Strike 1-1: Ground out 4-3 (Groundball, 4, EV 101.9 MPH)
|
|
Batting: RHB Steve Stanicek
|
0-0: Ball 1-0: Ball 2-0: Foul Ball, location: 2F 2-1: Ball 3-1: Fly out, F8 (Flyball, 8LXD, EV 106.9 MPH)
|
|
Batting: LHB Dave Camara
|
0-0: Called Strike 0-1: Called Strike 0-2: Ball 1-2: Ball 2-2: Foul Ball, location: 2F 2-2: Foul Ball, location: 2F 2-2: Foul Ball, location: 2F 2-2: Strikes out looking
|
| Top of the 7th over - 0 runs, 0 hits, 0 errors, 0 left on base; Port Arthur 0 - Bradenton 2 |
| BOTTOM OF THE 7TH |
|
Bradenton Sox batting - Pitching for Port Arthur Pirates : RHP Robert Ruffus
|
|
Batting: RHB Jerry Nalley
|
0-0: Called Strike 0-1: Swinging Strike 0-2: Ball 1-2: Ground out 3-1 (Groundball, 34, EV 89.4 MPH)
|
|
Batting: RHB William Murray
|
0-0: Ball 1-0: Ball 2-0: DOUBLE (Line Drive, 7LS, EV 111.3 MPH)
|
|
Batting: RHB Dennis Keating
|
0-0: Foul Ball, location: 2F 0-1: Ball 1-1: Ball 2-1: Fly out, F7 (Flyball, 78D, EV 89.4 MPH)
|
|
Batting: RHB Robert Parr
|
0-0: Called Strike 0-1: Foul Ball, location: 2F 0-2: Fly out, F7 (Flyball, 7S, EV 91.9 MPH)
|
| Bottom of the 7th over - 0 runs, 1 hit, 0 errors, 1 left on base; Port Arthur 0 - Bradenton 2 |
| TOP OF THE 8TH |
|
Port Arthur Pirates batting - Pitching for Bradenton Sox : RHP Hector Gutierrez
|
|
Batting: RHB Billy Ripken
|
0-0: Foul Ball, location: 2F 0-1: Ball 1-1: Ball 2-1: Called Strike 2-2: Strikes out swinging
|
|
Batting: RHB Russ Morman
|
0-0: Ball 1-0: SINGLE (Flyball, 4D, EV 91.9 MPH)
|
|
Batting: RHB Luis Hidalgo
|
0-0: Ball 1-0: Fielders Choice at 2nd, 2-4 (Groundball, 2L, EV 70.0 MPH)
|
|
Batting: RHB Otto Gonzalez
|
0-0: Called Strike 0-1: Called Strike 0-2: Ball 1-2: Ball 2-2: Strikes out swinging
|
| Top of the 8th over - 0 runs, 1 hit, 0 errors, 1 left on base; Port Arthur 0 - Bradenton 2 |
| BOTTOM OF THE 8TH |
|
Bradenton Sox batting - Pitching for Port Arthur Pirates : RHP Robert Ruffus
|
|
Batting: RHB Dave Coss
|
0-0: Ball 1-0: Ball 2-0: Called Strike 2-1: SINGLE (Line Drive, 6D, EV 97.5 MPH)
|
|
Batting: RHB Rene Gonzales
|
0-0: Ball Dave Coss steals 2nd base (no throw) 1-0: Foul Ball, location: 2F 1-1: SINGLE (Line Drive, 7S, EV 109.4 MPH) Dave Coss to third
|
|
Batting: RHB Dennis Tiefenthaler
|
0-0: Ball 1-0: Fly out, F4 (Popup, 4, EV 70.0 MPH)
|
|
Batting: RHB Dave Hoeksema
|
0-0: Foul Ball, location: 2F 0-1: Swinging Strike 0-2: Foul Ball, location: 2F 0-2: Fly out, F8 (Flyball, 8RM, EV 76.3 MPH)
|
|
Batting: SHB Thomas Colburn
|
0-0: Foul Ball, location: 2F 0-1: Ball 1-1: Swinging Strike 1-2: Ball 2-2: Ball 3-2: Foul Ball, location: 2F 3-2: Foul Ball, location: 2F 3-2: Strikes out swinging
|
| Bottom of the 8th over - 0 runs, 2 hits, 0 errors, 2 left on base; Port Arthur 0 - Bradenton 2 |
| TOP OF THE 9TH |
|
Port Arthur Pirates batting - Pitching for Bradenton Sox : RHP Hector Gutierrez
|
|
Batting: SHB Geoff Doggett
|
0-0: Called Strike 0-1: Foul Ball, location: 2F 0-2: Strikes out looking
|
|
Batting: LHB Pat Hodge
|
0-0: Ball 1-0: DOUBLE (Flyball, 8LXD, EV 105.0 MPH)
|
|
Batting: LHB Ron Salcedo
|
0-0: Ball 1-0: Ball 2-0: Called Strike 2-1: DOUBLE (Line Drive, 8RXD, EV 98.1 MPH) Pat Hodge scores
|
|
Pitching: RHP Barry Govero
|
|
|
Now at 2B: Andre Wood
|
|
|
Batting: RHB Steve Stanicek
|
0-0: Called Strike 0-1: Foul Ball, location: 2F 0-2: Ball 1-2: Strikes out looking
|
|
Batting: LHB Dave Camara
|
0-0: Called Strike 0-1: Called Strike 0-2: Ball 1-2: Strikes out swinging
|
| Top of the 9th over - 1 run, 2 hits, 0 errors, 1 left on base; Port Arthur 1 - Bradenton 2 |
|